 Dungeon Crawl Stone Soup version 0.31-a0-1178-gc5c9b8f871 (webtiles) character file.

Game seed: 8267654889495386994

1009 Turgor the Ruffian (level 8, -5/70 HPs)
             Began as a Ghoul Chaos Knight on Dec 8, 2023.
             Was a Plaything of Xom.
             Slain by Edmund
             ... wielding a +6 dire flail of holy wrath
              (11 damage)
             ... on level 6 of the Dungeon on Dec 11, 2023.
             The game lasted 00:25:05 (5816 turns).

Turgor the Ruffian (Ghoul Chaos Knight)             Turns: 5816, Time: 00:25:06

Health: -5/70      AC:  5    Str: 16      XL:     8   Next: 21%
Magic:  7/7        EV: 13    Int: 11      God:    Xom [...*..]
Gold:   301        SH:  0    Dex: 13 (16) Spells: 7/7 levels left

rFire   . .          .
                       - Unarmed
rCold   + . .        (no shield)
rNeg    + + +        a - +2 leather armour
rPois   ∞            (no helmet)
rElec   .            (no cloak)
rCorr   .            (no gloves)
SInv    .            (no boots)
Will    .....        (no amulet)
Stlth   +            g - ring of flight
HPRegen 0.00/turn    c - +6 ring of dexterity
MPRegen 0.10/turn

%: no passive effects
@: flying, inhibited regen
A: claws 1, cold resistance 1, negative energy resistance 3, inhibited
regeneration, torment resistance 2, devour on kill
a: Renounce Religion


You were on level 6 of the Dungeon.
You worshipped Xom.
You were a favourite toy of Xom.
You visited 1 branch of the dungeon, and saw 6 of its levels.

You collected 301 gold pieces.

Inventory:

Missiles
 f - 2 poisoned darts (quivered)
 i - 2 curare-tipped darts
 l - 3 javelins
Armour
 a - a +2 leather armour (worn)
 j - a +0 pair of gloves of strength
Jewellery
 c - a +6 ring of dexterity (right claw)
 g - a ring of flight (left claw)
 v - a +6 ring of dexterity
Wands
 o - a wand of paralysis (12)
 q - a wand of flame (13)
Scrolls
 b - a scroll of butterflies
 d - a scroll of amnesia {unknown}
 e - a scroll of fear
 h - 3 scrolls of identify
 m - 5 scrolls of teleportation
 r - a scroll of poison
 s - a scroll of fog {unknown}
 u - a scroll of immolation {unknown}
Potions
 k - a potion of ambrosia
 n - a potion of heal wounds {unknown}
 p - 2 potions of mutation {unknown}
 t - 2 potions of curing


   Skills:
 + Level 5.9 Fighting
 + Level 4.5 Armour
 + Level 4.1 Dodging
 + Level 6.0 Unarmed Combat


You had 7 spell levels left.
You didn't know any spells.
Your spell library contained the following spells:

 Spells                   Type           Power      Damage    Failure   Level
 Cause Fear               Hex            0%         N/A       99%         4
 Fireball                 Conj/Fire      0%         3d3       100%        5
 Dragon's Call            Summ           0%         N/A       100%        9


Dungeon Overview and Level Annotations

Branches:
Dungeon (6/15)             Temple (0/1) D:4

Altars:
Ashenzari
Cheibriados
Dithmenos
Makhleb
Uskayaw
Wu Jian
Xom

Shops:
D:2 :

Annotations:
D:6 Edmund


Innate Abilities, Weirdness & Mutations

You are immune to poison.
You have sharp fingernails.
Your flesh is cold resistant. (rC+)
You are immune to negative energy. (rN+++)
You do not regenerate when monsters are visible.
You are immune to unholy pain and torment.
You thrive by killing the living.


Message History

5 gnolls come into view.
Found a worn iron wand and a scroll labelled UFIGEL VAUZISO.
The gnoll shouts!
You hear a shout! x2
Found a dagger.
An orc comes into view.
It is wielding a +0 club. 2 orc priests come into view.
The orc priest shouts!
The orc priest calls down the wrath of Beogh upon you.
Beogh smites you! 2 orcs come into view.
The orc shouts! x2
The orc moves out of view.
A two-headed ogre comes into view.
It is wielding two +0 giant spiked clubs.
The orc priest looks encouraged for a moment.
A jelly comes into view.
The two-headed ogre moves out of view.
You see here a +0 dagger.
Unknown command.
Okay, then.
Okay, then.
Edmund the Younger comes into view.
He is wielding a +6 dire flail of holy wrath and wearing a +3 scale mail of poison resistance.
Edmund shouts!
Unknown command.
The air fills with toxic fumes!
As you read the scroll of poison, it crumbles to dust.
Edmund says, "Everyone always remembers my brother. 'Who's Edmund?' they ask!"
The orc closely misses you.
Unknown command.
Edmund attacks as he pursues you! Edmund hits you but does no damage.
Edmund hits you with a +6 dire flail of holy wrath!
You convulse.
You reach down and open the door.
The orc priest invokes the aid of Beogh against you.
Beogh smites you!
Edmund hits you with a +6 dire flail of holy wrath!
* * * LOW HITPOINT WARNING * * *
You convulse!
You die...
Edmund says, "That'll show my brother!"
Xom giggles madly!

..........##.o....
##.#......
.#####..g.§oo.o.o.
#...... .# #.##..O#####
#...... .# #.####)§###
#...... .# #.# ##..§#
#...... .. #.# #####o###
#...... ... #.#
#§§.§§§§# #...... ...#
#.# #§§§§§@§# #......
.?.# #§§§§§§@####
.#.#'#.. ...#
#§§§§§§§'..# ..#.#.###
#§§§§§§§##.# #.#.#...'
#§§§§§§§##.# #.#.#####
#§§§§§§§##.# #.#.# ##.
##....####.#####.#.###..
#.... #.....#.#.#...#
#.... #####...#.#.###
##...>..#


You could see a two-headed ogre, Edmund, an orc priest and an orc.

Vanquished Creatures
  Menkaure (D:5)
  A water moccasin (D:5)
  A phantom (D:5)
  4 scorpions
  A howler monkey (D:6)
  2 hounds
  An orc priest (D:5)
  3 orc wizards (D:5)
  Ijyb (D:4)
  An iguana (D:4)
  Robin (D:2)
  4 gnolls (D:5)
  8 adders
  A worm (D:2)
  3 dart slugs (D:3)
  11 orcs
  2 ball pythons
  2 bats (D:3)
  5 endoplasms
  3 giant cockroaches
  15 goblins
  10 hobgoblins
  A quokka (D:2)
  A frilled lizard (D:3)
  6 kobolds
  7 rats
96 creatures vanquished.

Notes
Turn   | Place    | Note
-------+----------+-------------------------------------------
     0 | D:1      | Turgor the Ghoul Chaos Knight began the quest for the Orb.
     0 | D:1      | Reached XP level 1. HP: 19/19 MP: 0/0
    11 | D:1      | Reached skill level 1 in Dodging
    52 | D:1      | Reached XP level 2. HP: 25/26 MP: 1/1
   738 | D:2      | Reached XP level 3. HP: 27/31 MP: 2/2
   868 | D:2      | Noticed Robin
   894 | D:2      | XOM: butterfly on damage
  1146 | D:2      | XOM: silly message
  1205 | D:2      | Found Fagag's Book Boutique.
  1457 | D:2      | XOM: smoke on damage
  1462 | D:2      | XOM: summons 1 hostile shadow creature
  1757 | D:2      | XOM: summons 2 hostile demons
  1930 | D:3      | Reached XP level 4. HP: 40/40 MP: 3/3
  2152 | D:3      | XOM: swap monsters
  2156 | D:3      | Reached skill level 4 in Unarmed Combat
  2679 | D:4      | Noticed a scorpion
  2687 | D:4      | Killed a scorpion
  2688 | D:4      | Reached XP level 5. HP: 42/46 MP: 4/4
  2871 | D:4      | Found a burning altar of Makhleb.
  2894 | D:4      | Found a shimmering altar of Xom.
  2894 | D:4      | Found a snail-covered altar of Cheibriados.
  2896 | D:4      | Found a hide-covered altar of Uskayaw.
  2896 | D:4      | Found a broken altar of Ashenzari.
  2896 | D:4      | Found an ornate altar of the Wu Jian Council.
  2999 | D:4      | Noticed Ijyb
  3011 | D:4      | Killed Ijyb
  3012 | D:4      | Reached XP level 6. HP: 44/53 MP: 5/5
  3094 | D:4      | Found a staircase to the Ecumenical Temple.
  3158 | D:4      | Found a burning altar of Makhleb.
  3448 | D:2      | Killed Robin
  3451 | D:2      | XOM: summons 3 hostile shadow creatures
  3682 | D:5      | Entered Level 5 of the Dungeon
  3683 | D:5      | Upgraded the game from 0.31-a0-1161-g593ecc88b7 to
                  | 0.31-a0-1178-gc5c9b8f871
  3745 | D:5      | Reached skill level 5 in Unarmed Combat
  3772 | D:5      | Reached skill level 5 in Fighting
  3772 | D:5      | Reached XP level 7. HP: 9/61 MP: 6/6
  3881 | D:5      | XOM: summons 2 hostile demons
  3971 | D:5      | XOM: god gift: 41 gold pieces
  4280 | D:5      | XOM: cloud trail
  4434 | D:5      | XOM: confuse monster(s)
  4448 | D:5      | XOM: potion effect (curing)
  4455 | D:5      | XOM: noise
  4459 | D:5      | Identified the +2 leather armour of Taygiecw {Rampage Fly
                  | rN+++ Int-5}
  4621 | D:5      | Noticed Menkaure
  4624 | D:5      | Killed Menkaure
  4795 | D:5      | Reached XP level 8. HP: 68/70 MP: 7/7
  4871 | D:5      | XOM: noise
  5176 | D:5      | XOM: 3-stop teleportation journey
  5531 | D:6      | Found a shadowy altar of Dithmenos.
  5569 | D:6      | Reached skill level 6 in Unarmed Combat
  5607 | D:6      | XOM: god gift: book of the Dragon
  5796 | D:6      | XOM: 2-stop teleportation journey
  5808 | D:6      | Noticed a two-headed ogre
  5811 | D:6      | Noticed Edmund
  5816 | D:6      | Slain by Edmund

Illustrated notes

Levels and vault maps discovered:
D:1:      dpeg_arrival_prison, layout_rooms, dreamdust_princess_corridor,
          roderic_malta_cross
D:2:      layout_basic, serial_shops, shop, interstate_on_off, st_stairs_14,
          uniq_robin
D:3:      minmay_spotlight, layout_loops_ring
D:4:      layout_loops_ring, doesnt_xom_only_xom, kennysheep_mini,
          minmay_temple_entry_antechambers, uniq_ijyb
D:5:      layout_layer_cave, uniq_menkaure
D:6:      layout_basic, nicolae_wu_jian_immortal_techniques,
          amcnicky_altar_gilded, minivault_27, amcnicky_altar_lugonu_corruption,
          uniq_edmund

Skill      XL: |  1  2  3  4  5  6  7  8 |
---------------+-------------------------+-----
Dodging        | 1 2 3 4 |  4.1
Armour         | 2 3 4 |  4.5
Unarmed Combat | 4 5 6 |  6.0
Fighting       | 4 5 |  5.9

Action                     |  1- 3 |  4- 6 |  7- 9 || total
---------------------------+-------+-------+-------++-------
  Melee: Unarmed           |   132 |   159 |   110 ||   401
         Punch             |     2 |     6 |    10 ||    18
  Throw: Dart              |     3 |     6 |     3 ||    12
  Evoke: Wand              |       |     6 |     3 ||     9
    Use: Potion            |     3 |     5 |       ||     8
         Scroll            |     2 |     5 |     1 ||     8
   Stab: Paralysed         |       |     5 |       ||     5
 Armour: Leather armour    |    71 |   133 |    69 ||   273
  Dodge: Dodged            |    64 |    83 |    59 ||   206

Table legend: (Time is in decaauts)
 A = Elapsed time spent in this place.
 B = Non-inter-level travel time spent in this place.
 C = Inter-level travel time spent in this place.
 D = Time resting spent in this place.
 E = Time spent auto-exploring this place.
 F = Levels seen in this place.
 G = Mean time per level.
                   A        B        C        D        E       F      G
               +--------+--------+--------+--------+--------+-----+--------+
         Total |   5782 |   5452 |    330 |    217 |   4061 |   6 |  963.7 |
       Dungeon |   5782 |   5452 |    330 |    217 |   4061 |   6 |  963.7 |
               +--------+--------+--------+--------+--------+-----+--------+

Top non-repeatable levels by time:
     D:5: 1817 daAuts
     D:2: 1315 daAuts
     D:1: 851 daAuts
     D:4: 790 daAuts
     D:3: 707 daAuts
     D:6: 300 daAuts
